 Dungeon Crawl Stone Soup version 0.23.0-2-g0fe3ce5 (webtiles) character file.

Game seed: 11581774447072026511

6 MalarOregon the Chiller (level 1, 0/19 HPs)
             Began as a Merfolk Ice Elementalist on Feb 19, 2019.
             Succumbed to an adder's poison
             ... on level 1 of the Dungeon.
             The game lasted 00:01:24 (960 turns).

MalarOregon the Chiller (Merfolk Ice Elementalist)   Turns: 960, Time: 00:01:24

Health: 0/19       AC:  2    Str: 13    XL:     1   Next: 90%
Magic:  1/3        EV: 13    Int: 14    God:
Gold:   68         SH:  0    Dex: 14    Spells: 3/4 levels left

rFire    . . .     SeeInvis .   c - +0 club
rCold    . . .     Gourm    .   (no shield)
rNeg     . . .     Faith    .   a - +0 robe
rPois    .         Spirit   +   (no helmet)
rElec    .         Reflect  .   d - scarf {Spirit}
rCorr    .         Harm     .   (no gloves)
MR       .....                  (no boots)
Stlth    ..........             (no amulet)
HPRegen  0.06/turn              (no ring)
MPRegen  0.08/turn              (no ring)

@: berserking, lethally poisoned (0 -> -7), very slightly contaminated, very
quick
A: change form in water, swift swim, stealthy swim
a: no special abilities


You were on level 1 of the Dungeon.
You were not hungry.

You visited 1 branch of the dungeon, and saw 2 of its levels.

You collected 68 gold pieces.

Inventory:

Hand Weapons
 c - a +0 club (weapon)
   (You took it off a hobgoblin on level 1 of the Dungeon)
Armour
 a - a +0 robe (worn)
 d - a scarf of spirit shield (worn)
   (You found it on level 1 of the Dungeon)
Jewellery
 g - an uncursed ring of magical power {unknown}
   (You found it on level 1 of the Dungeon)
Scrolls
 b - a scroll of remove curse {unknown}
 i - a scroll of identify {unknown}
 j - 2 scrolls of teleportation {unknown}
Potions
 h - a potion of berserk rage
Comestibles
 e - 6 rations {!d}


   Skills:
 - Level 2.6 Dodging
 - Level 2.1 Stealth
 - Level 2.0 Spellcasting
   Level 0.7 Conjurations
 + Level 3.8 Ice Magic


You had 3 spell levels left.
You knew the following spells:

 Your Spells              Type           Power        Failure   Level  Hunger
a - Freeze                Ice            ##..         4%          1    ##.....

Your spell library contained the following spells:

 Spells                   Type           Power        Failure   Level  Hunger
 Throw Frost              Conj/Ice       #.....       14%         2    ###....
 Ozocubu's Armour         Chrm/Ice       #.......     32%         3    ####...
 Throw Icicle             Conj/Ice       #.......     67%         4    #####..
 Summon Ice Beast         Ice/Summ       #.......     73%         4    #####..


Dungeon Overview and Level Annotations

Branches:
Dungeon (2/15)

Altars:


Message History

You can't see any susceptible monsters within range! (Use Z to cast anyway.) Unknown command.
The bat barely misses you. The bat closely misses you.
Aim: a bat You freeze the bat.
The bat barely misses you. x2
The adder closely misses you. The adder barely misses you.
Aim: an adder You freeze the adder.
The adder seems to slow down.
The bat hits you but does no damage. The bat hits you.
Aim: an adder (moderately wounded, slow)
You miscast Freeze.
You are very lightly contaminated with residual magic.
Nothing appears to happen.
The bat hits you but does no damage. The adder bites you.
You are lethally poisoned!
The adder poisons you!
You don't have enough magic to cast that spell.
You completely miss the adder.
* * * LOW HITPOINT WARNING * * *
You feel sick.
The adder is no longer moving slowly.
The bat closely misses you. The bat barely misses you. The adder bites you.
* * * LOW HITPOINT WARNING * * *
The adder barely misses you.
* * * LOW HITPOINT WARNING * * *
You feel sick. The bat barely misses you. The bat completely misses you.
The bat hits you but does no damage. The adder bites you but does no damage.
You climb upwards.
There is a stone staircase leading down here.
Unknown command.
Unknown command.
Unknown command.
The adder bites you.
* * * LOW HITPOINT WARNING * * *
You are more poisoned.
The adder poisons you! The bat closely misses you.
* * * LOW HITPOINT WARNING * * *
You feel sick. The bat hits you but does no damage.
* * * LOW HITPOINT WARNING * * *
You feel sick. The bat closely misses you.
It was a potion of berserk rage.
A red film seems to cover your vision as you go berserk!
You feel yourself moving faster!
You feel mighty! The bat hits you but does no damage.
The adder barely misses you. The bat hits you but does no damage.
You closely miss the bat.
* * * LOW HITPOINT WARNING * * *
You feel sick. The bat hits you but does no damage. The adder misses you.
You miss the adder. The adder bites you but does no damage.
You barely miss the adder.
You die...

#......#############.#.#
############## #.#.#
#...#........#### #.#'##
#.#.#.#.........# #.....
#.#.#.#.........# #.....
#.#.#.#.........# #.....
#.#.#.#.........# #(#'##
#.#.#.#[........# #.#.#
#.#.#.#.....@...########.#.#
#.#........Sb.........##.#.#
#.###.######.########.#..#.#
#...#.#.....>.........#.##.#
##.##.#.###.###.##......##.#
#.##.#.# #...#.##.#....##.#
#.##.#.# ####..........##.#
#.##.#.# #..'....##.......#
#.##.#.# #).#..#####...#####


You could see an adder and a bat.

Vanquished Creatures
  3 hobgoblins (D:1)
  A bat (D:1)
  A frilled lizard (D:1)
  A rat (D:1)
6 creatures vanquished.

Notes
Turn   | Place    | Note
-------+----------+-------------------------------------------
     0 | D:1      | MalarOregon the Merfolk Ice Elementalist began the quest
                  | for the Orb.
     0 | D:1      | Reached XP level 1. HP: 13/13 MP: 3/3
   960 | D:1      | Succumbed to an adder's poison

Action                   || total
-------------------------++-------
Melee: Club              ||     6
 Cast: Freeze            ||    10
  Use: Potion            ||     1
 Stab: Sleeping          ||     1
Armor: Robe              ||    12
Dodge: Dodged            ||    22
